[Event "*** Titled Tuesday Blitz"]
[Site "Chess.com"]
[Date "2019.11.05"]
[Round "4"]
[White "TST2014"]
[Black "DrVitman"]
[Result "1/2-1/2"]
[WhiteElo "2528"]
[BlackElo "2709"]
[TimeControl "180+2"]
[EndTime "13:53:16 PST"]
[Termination "Game drawn by repetition"]

1. d4 Nf6 2. c4 c5 3. d5 b5 4.
cxb5 a6 5. bxa6 g6 6. a7 Rxa7 7.
Nc3 Ba6 8. e4 Bxf1 9. Kxf1 d6 10. g3 Bg7 11. Kg2 O-O 12. Nf3 Nbd7 13. a4 Qb6 14. Qe2 Qa6 15. Nb5 Rb8 16. Ra3 Rab7 17.
Re1 Ne8 18. Nd2 Nb6 19. b3 Na8 20. Nc4 Nac7 21. Nxc7 Nxc7 22. Qd3 Na8 23. h4 Nb6 24. h5 Nxc4 25. bxc4 Rb4 26. hxg6 hxg6 27. Bg5 R8b7 28. a5 Qxc4 29. Qxc4 Rxc4 30. a6 Ra7 31. Bxe7 Bf8 32. Bd8 Rb4 33. e5 dxe5 34. Rxe5 Rb8 35. Re8 Rd7 36. a7 Ra8 37. Rb3 Rdxa7 38. d6 Rd7 39.
Rxf8+ Kxf8 40. Bc7 Rc8 41. Rb7 c4 42. Kf3 c3 43.
Rb1 Rdxc7 44. dxc7 Rxc7 45. Ke3 Ke7 46. Kd3 Kf6 47.
Rc1 Ke5 48. f3 Rd7+ 49. Ke3 Rc7 50. Rc2 g5 51. Kd3 f5 52. Rxc3 Rxc3+ 53. Kxc3 Kd5 54.
Kd3 Kc5 55. Kc3 Kd5 56. Kd3 Kc5 57. Kc3 Kd5 1/2-1/2

[Event "*** Titled Tuesday Blitz"]
[Site "Chess.com"]
[Date "2019.11.05"]
[Round "4"]
[White "isla88"]
[Black "Olga_Ustinova"]
[Result "0-1"]
[WhiteElo "2171"]
[BlackElo "2387"]
[TimeControl "180+2"]
[EndTime "13:53:20 PST"]
[Termination "Olga_Ustinova won by resignation"]

1. c4 g6 2. Nc3 Bg7 3. g3 c5 4. Bg2 Nc6 5. e3 Nh6 6. Nge2 Nf5 7. b3 h5 8. h3 d6 9. Bb2 Bd7 10. O-O O-O 11. a3 a5 12. Qc2 Rc8 13. Nd5 e5 14. Bc3 b6 15. Rab1 Nfe7 16. Nxe7+ Nxe7 17. f4 Qc7 18.
d3 Nf5 19. Qd2 Rfe8 20. e4 Nd4 21. Bxd4 exd4 22. f5 Qd8 23. Nf4 Kh7 24. Nd5 Bc6 25. fxg6+ fxg6 26. Nf4 Qg5 27. Qf2 Rf8 28. Ne6 Qe5 29.
Nxf8+ Rxf8 30. Qe1 Rxf1+ 31. Bxf1 Bh6 32. h4 Be3+ 33. Kh2 g5 34. hxg5 h4 35. Bh3 hxg3+ 36. Kg2 Bf2 37. Bf5+ Qxf5 38. Qh1+ Kg8 39. Qh6 Bxe4+ 40.
dxe4 Qxe4+ 41. Kh3 g2 42. Qh5 g1=Q 43. Rxg1 Bxg1 44. g6 Qe3+ 45. Kg2 Qf2+ 46. Kh1 Qh2+ 47. Qxh2 Bxh2 48. Kxh2 Kg7 49. Kg3 Kxg6 50. Kg4 Kf6 51. Kf4 Ke6 52. Ke4 Ke7 53. Kd3 Kd7 54. Ke4 Kc6 55. a4 Kd7 56. Kd3 Ke7 57. Ke4 Ke6 58. Kd3 d5 0-1

[Event "*** Titled Tuesday Blitz"]
[Site "Chess.com"]
[Date "2019.11.05"]
[Round "4"]
[White "Barcelona_Guy"]
[Black "TregubovP"]
[Result "1/2-1/2"]
[WhiteElo "2741"]
[BlackElo "2545"]
[TimeControl "180+2"]
[EndTime "13:53:21 PST"]
[Termination "Game drawn by agreement"]

1. d4 Nf6 2. c4 e6 3. Nf3 Bb4+ 4.
Bd2 Qe7 5. g3 Bxd2+ 6. Qxd2 Nc6 7. a3 d6 8. Nc3 O-O 9. Bg2 e5 10. O-O Bg4 11. dxe5 dxe5 12. h3 Bxf3 13. Bxf3 Rad8 14.
Qe3 Nd4 15. Rad1 c6 16. Bg2 Rfe8 17. b4 Qe6 18. c5 Qb3 19. Nb1 Qxe3 20. fxe3 Nb5 21. a4 Nc7 22. Nc3 Kf8 23. b5 Ne6 24. bxc6 bxc6 25. Bxc6 Rxd1 26. Rxd1 Rc8 27. Bb7 Rxc5 28.
Nb5 a5 29. Ra1 Rc4 30. Nd6 Rb4 31.
Bc6 g6 32. Bb5 Nc5 33. Nc4 Nd5 34. Nxe5 Nxe3 35. Nc6 Rb2 36. Nxa5 Ne4 37. g4 Nc3 38. Ra3 Nxb5 39. axb5 Rxb5 40. Rxe3 Rxa5 41. Kf2 Kg7 42. Rc3 h5 43. Kg3 hxg4 44. hxg4 Re5 45. e3 Ra5 46. Rd3 Kf6 47. Rb3 Kg5 48. Rc3 Re5 49. Rb3 f5 50.
gxf5 gxf5 51. Kf3 Re8 1/2-1/2

[Event "*** Titled Tuesday Blitz"]
[Site "Chess.com"]
[Date "2019.11.05"]
[Round "4"]
[White "adricalderon8"]
[Black "Mesutgm"]
[Result "0-1"]
[WhiteElo "2352"]
[BlackElo "2600"]
[TimeControl "180+2"]
[EndTime "13:53:23 PST"]
[Termination "Mesutgm won by resignation"]

1. e4 e6 2. d4 d5 3. Nc3 dxe4 4. Nxe4 Bd7 5. Nf3 Bc6 6. Bd3 Nd7 7. Qe2 Be7 8. O-O Ngf6 9. Nxf6+ Bxf6 10. Bf4 Bxf3 11. Qxf3 c6 12. Bd6 Be7 13. Bg3 Qb6 14. c3 O-O 15. b4 Nf6 16. Be5 Nd5 17. Rac1 Bf6 18.
Rfe1 Bxe5 19. Rxe5 g6 20. h4 Rad8 21. h5 Rd7 22. h6 Qd8 23. g3 Qf6 24. Qxf6 Nxf6 25. f3 Rfd8 26. g4 Kf8 27. Kg2 Rd5 28. Rce1 Ng8 29. g5 Ne7 30. f4 Rxe5 31. fxe5 Nd5 32. Be4 Nxc3 33. Bf3 Rxd4 34. a3 Nd5 35. b5 c5 36. Kg3 b6 37. Rc1 Ke7 38. Re1 c4 39.
Rc1 Nc7 40. a4 Nd5 41. Kf2 Nb4 42. Ke3 Rd3+ 43. Ke2 c3 44. Be4 Rd2+ 45. Ke3 Nd5+ 46. Bxd5 Rxd5 47. Rxc3 Rxe5+ 48. Kf4 Rc5 49. Rxc5 bxc5 50.
Ke5 Kd7 51. a5 Kc7 52. Ke4 Kd6 53. Kd3 e5 54. Ke4 c4 55. Ke3 Kc5 56. b6 axb6 57. axb6 Kxb6 58. Ke4 Kc5 59. Kxe5 c3 60. Kf6 c2 61. Kxf7 c1=Q 62. Kg7 Qxg5 63. Kxh7 Qh5 64. Kg7 g5 65. h7 g4 66. h8=Q Qxh8+ 0-1

[Event "*** Titled Tuesday Blitz"]
[Site "Chess.com"]
[Date "2019.11.05"]
[Round "4"]
[White "Frolik67"]
[Black "DinaBelenkaya"]
[Result "0-1"]
[WhiteElo "2542"]
[BlackElo "2315"]
[TimeControl "180+2"]
[EndTime "13:53:28 PST"]
[Termination "DinaBelenkaya won by resignation"]

1. e4 d5 2. exd5 Qxd5 3. Nc3 Qa5 4. Bc4 c6 5. Nf3 Nf6 6. d4 Bf5 7. O-O e6 8. Re1 Be7 9. a3 O-O 10. Bf4 Nbd7 11. h3 h6 12. Ne2 b5 13. Bb3 Rfd8 14. Ng3 Bh7 15. c3 c5 16. Qe2 c4 17. Ba2 Nd5 18. Bd2 Bd3 19. Qd1 Bf6 20. Ne4 Qc7 21. g3 e5 22. Nxf6+ N5xf6 23. dxe5 Ne4 24. Bf4 g5 25. Be3 Nxe5 26. Nxe5 Qxe5 27. Qf3 Qf6 28. Qxf6 Nxf6 29. Bd4 Ne4 30. Bb1 Bxb1 31. Rexb1 Rd5 32. Re1 f5 33. Kg2 Kf7 34. a4 a5 35. f3 Nd2 36.
Re2 Nb3 37. Rae1 Nxd4 38. Re7+ Kf8 39. cxd4 Rxd4 40. axb5 Rd2+ 41. Kg1 Rb8 42. Rc7 Rxb5 43. Rc8+ Kf7 44. Rc7+ Kg6 45. Re6+ Kh5 46. Rcc6 Rd1+ 47.
Kf2 Rxb2+ 48. Ke3 Re1+ 49. Kd4 Rxe6 50. Rxe6 Rb3 51. g4+ fxg4 52. fxg4+ Kh4 53. Rxh6+ Kg3 54. Kxc4 Rb4+ 55. Kc3 Rf4 56. Kb3 Re4 57. Rh5 Re5 58. Ka4 Kf3 59. Rh8 Ke4 60. Rf8 Rd5 61. Re8+ Kf4 62.
Rf8+ Ke4 63. Rh8 Kf4 64. Rg8 Rd3 65. Rf8+ Kg3 66. Rh8 Kg2 67. h4 gxh4 68. g5 Rd4+ 69. Kb3 h3 70. g6 Rg4 71. g7 Rxg7 72. Ka4 Rg5 0-1

[Event "*** Titled Tuesday Blitz"]
[Site "Chess.com"]
[Date "2019.11.05"]
[Round "4"]
[White "StoreySniper"]
[Black "Vasily85"]
[Result "0-1"]
[WhiteElo "2281"]
[BlackElo "2211"]
[TimeControl "180+2"]
[EndTime "13:53:28 PST"]
[Termination "Vasily85 won by resignation"]

1. e4 c5 2. c3 Nf6 3. e5 Nd5 4. d4 cxd4 5. Qxd4 Nc7 6. Nf3 Nc6 7. Qa4 g6 8. Bf4 Bg7 9. Nbd2 b5 10. Bxb5 Nxb5 11. Qxb5 Rb8 12. Qe2 Rxb2 13. O-O O-O 14. Rfb1 Rxb1+ 15. Rxb1 Qa5 16. Ne4 Ba6 17. Qd2 Nxe5 18.
Nxe5 Bxe5 19. Bh6 Rd8 20. Qg5 Bd3 21. Re1 Bxe4 22. Rxe4 f6 23. Qe3 d5 24. Rxe5 fxe5 25.
Qxe5 Kf7 26. Qg7+ Ke8 27. Qxh7 Qxc3 28. Qxg6+ Kd7 29. Qf5+ e6 30. Qf7+ Kc6 31. Qxe6+ Kb5 32. Qe2+ Qc4 33. Qb2+ Kc6 34. Bg5 Re8 35. h4 d4 36. Bd2 Re2 37. h5 d3 38. h6 Qc2 39.
Qf6+ Kb5 40. Qf5+ Kc6 41. Qf6+ Kd5 42. Qf5+ Kc6 43. h7 Qb1+ 44. Kh2 Qb8+ 45. Bf4 Qh8 46.
Qxd3 Re7 47. Qc4+ Kd7 48. Qb5+ Ke6 49. Qe5+ Qxe5 50. Bxe5 Rxh7+ 51. Kg3 Kxe5 52. f4+ Kf5 53. Kf3 Rg7 54. g3 Rg4 55. a4 a5 56. Kf2 Ke4 57. Kg2 Rg8 0-1

[Event "*** Titled Tuesday Blitz"]
[Site "Chess.com"]
[Date "2019.11.05"]
[Round "4"]
[White "Sajkochess"]
[Black "catalin009"]
[Result "0-1"]
[WhiteElo "2331"]
[BlackElo "2553"]
[TimeControl "180+2"]
[EndTime "13:53:31 PST"]
[Termination "catalin009 won on time"]

1. e4 e5 2. Nf3 Nc6 3. Bb5 a6 4. Ba4 d6 5. c3 g6 6. d4 Bd7 7. O-O Bg7 8. dxe5 Nxe5 9. Nxe5 dxe5 10. Bg5 Ne7 11. Qxd7+ Qxd7 12. Bxd7+ Kxd7 13. Rd1+ Ke6 14. Bxe7 Kxe7 15. Na3 Rhd8 16. Nc4 b6 17. Kf1 Ke6 18. Ke2 Bh6 19. Rxd8 Rxd8 20. Rd1 Rxd1 21. Kxd1 b5 22. Na5 Bf8 23. Ke2 Bc5 24. f3 Bg1 25. h3 Bb6 26.
Nc6 a5 27. b4 a4 28. Kd3 Kd6 29. Nd8 f6 30. Nf7+ Ke6 31. Nh6 c5 32. bxc5 Bxc5 33. Ng4 h5 34. Nh2 Kd6 35. Nf1 Bf2 36. Nd2 Kc5 37.
Nb1 Be1 38. g4 Bg3 39. Na3 Bf4 40. Nc2 Bc1 41. Nb4 Bg5 42. Nd5 Bh4 43. gxh5 gxh5 44. Ne7 Bg3 45. Nd5 Bh4 46. Kc2 Bg5 47. Kd3 f5 48.
exf5 Kxd5 0-1

[Event "*** Titled Tuesday Blitz"]
[Site "Chess.com"]
[Date "2019.11.05"]
[Round "4"]
[White "el-reptiliano"]
[Black "vlad_Sid"]
[Result "1-0"]
[WhiteElo "2304"]
[BlackElo "2501"]
[TimeControl "180+2"]
[EndTime "13:53:35 PST"]
[Termination "el-reptiliano won by checkmate"]

1. Nf3 Nf6 2. c4 b6 3. d4 e6 4.
Nc3 Bb4 5. e3 Bb7 6. a3 Be7 7. d5 d6 8. Be2 O-O 9. O-O e5 10. b4 a5 11. Bb2 Nbd7 12. Qc2 Ne8 13. e4 g6 14. Nd2 Ng7 15. Bg4 f5 16. exf5 gxf5 17. Bh3 Bg5 18. Rae1 Bh6 19. Nb5 Ba6 20. Nf3 axb4 21. axb4 Bxb5 22. cxb5 Ra7 23. Bc1 Bxc1 24. Rxc1 Qa8 25. Ng5 Qxd5 26. Rfd1 Qxb5 27. Qb3+ d5 28. Rxd5 Ra3 29. Qd1 Qxb4 30. Rxd7 Qf4 31. Qd5+ Kh8 32.
Qd2 Qxd2 33. Rxd2 c5 34. Rd7 h6 35. Nf3 e4 36. Nh4 Kh7 37. Nxf5 Rg8 38. Nxg7 Rxg7 39.
Bf5+ Kg8 40. Rxg7+ Kxg7 41. Bxe4 Kf6 42. f4 Ra4 43. Re1 b5 44. Bc6 Rb4 45. Re5 Rb1+ 46. Kf2 Rb2+ 47. Kg3 c4 48. Rxb5 Rd2 49. Rc5 Rd3+ 50.
Kg4 c3 51. Be4 Rd4 52. Rc6+ Kf7 53. Bf5 Rd2 54. g3 h5+ 55. Kg5 Rxh2 56. Rxc3 Rg2 57. Rc7+ Ke8 58. Kf6 Rxg3 59. Rc8# 1-0

[Event "*** Titled Tuesday Blitz"]
[Site "Chess.com"]
[Date "2019.11.05"]
[Round "4"]
[White "jefferyx"]
[Black "Shield12"]
[Result "1-0"]
[WhiteElo "2950"]
[BlackElo "2805"]
[TimeControl "180+2"]
[EndTime "13:53:44 PST"]
[Termination "jefferyx won by resignation"]

1. e4 c5 2. Nc3 Nc6 3. Nf3 Nf6 4.
Bb5 g6 5. e5 Ng4 6. Bxc6 dxc6 7. h3 Nh6 8. d3 Bg7 9. Ne4 b6 10.
g4 f5 11. exf6 exf6 12. Bf4 O-O 13. Qd2 Nf7 14. O-O-O f5 15. gxf5 Bxf5 16. Rde1 Qd5 17. Kb1 c4 18. dxc4 Qxc4 19. b3 Qa6 20. Ng3 Rad8 21.
Qc1 Bc8 22. h4 Qa5 23. Bd2 Qd5 24. Re3 Bg4 25. Rd3 Qc5 26. Be3 Qe7 27. Nd4 c5 28.
Re1 cxd4 29. Bg5 Qd7 30. Bxd8 Rxd8 31. h5 Ne5 32. hxg6 hxg6 33. Qg5 Nxd3 34. Re7 Qd5 35. Qxg6 Qe5 36. Rxe5 Nxe5 37. Qg5 Rf8 38. f4 d3 39.
cxd3 Nxd3 40. Qxg4 Nxf4 41. Nf5 Ne6 42. Qg6 Rf6 43.
Qe8+ Bf8 44. Ne7+ Kg7 45. Nd5 Rg6 46. Qd7+ Kh6 47. Qxa7 Bc5 48. Qf7 Ng5 49. Qf4 Kg7 50. b4 Bd6 51. Qd4+ Kh6 52. Qh4+ Kg7 53. Qd4+ Kh6 54.
Qxb6 Be5 55. Qe3 Bg7 56. Ne7 Re6 57. Nf5+ Kg6 58. Qd3 Re1+ 59. Kc2 Be5 60. Nh4+ Kh5 61. Ng2 Rf1 62. Qxf1 1-0

[Event "*** Titled Tuesday Blitz"]
[Site "Chess.com"]
[Date "2019.11.05"]
[Round "4"]
[White "saraswathii"]
[Black "cukus"]
[Result "1-0"]
[WhiteElo "2214"]
[BlackElo "2450"]
[TimeControl "180+2"]
[EndTime "13:53:47 PST"]
[Termination "saraswathii won by resignation"]

1. d4 Nf6 2. Bf4 g6 3. Nf3 Bg7 4. e3 O-O 5. Be2 d6 6. O-O b6 7.
c4 Bb7 8. h3 Nbd7 9. Nc3 e6 10.
Rc1 Qe7 11. Nb5 Rfc8 12. a4 a6 13. Nc3 h6 14. b4 Nh5 15. Bh2 f5 16. Qb3 Kh7 17.
Rfd1 Rf8 18. Bd3 Bxf3 19. gxf3 f4 20. Be4 Rab8 21. Qc2 Rf6 22. exf4 Rf5 23. Bxf5 gxf5 24. d5 Rg8 25. Kh1 Qh4 26. dxe6 Qxh3 27. Rg1 Qxf3+ 28. Rg2 Bxc3 29. Qxf5+ Kh8 30. Rg1 Ndf6 31. e7 Ng4 32.
Bg3 Ne3 33. fxe3 Nxg3+ 34. Kh2 Nf1+ 35. Kh1 Nxe3 36. e8=Q Rxe8 37. Qf7 Rb8 38. Kh2 Nxg2 39. Rxg2 Qe4 40. Rg6 Qe2+ 41. Kg3 Qh5 42. Qe6 Bg7 43. f5 Rf8 44. f6 Rxf6 45. Qe8+ Kh7 46. Rxg7+ Kxg7 47.
Qxh5 Rg6+ 48. Kf4 Rg5 49. Qe8 Kf6 50. Qd8+ Ke6 51. Qxc7 b5 52. axb5 axb5 53. Qc8+ Ke7 54. Qb7+ Ke6 55. cxb5 d5 56. Qc6+ Ke7 57. b6 Rg8 58. b7 1-0

[Event "*** Titled Tuesday Blitz"]
[Site "Chess.com"]
[Date "2019.11.05"]
[Round "4"]
[White "Crazy_girl99"]
[Black "SHIVACalypso"]
[Result "1-0"]
[WhiteElo "2503"]
[BlackElo "2279"]
[TimeControl "180+2"]
[EndTime "13:53:50 PST"]
[Termination "Crazy_girl99 won by resignation"]

1. e4 e6 2. d4 d5 3. Nd2 Nf6 4. e5 Nfd7 5. Ngf3 c5 6. c3 Nc6 7. Bd3 cxd4 8. cxd4 f6 9. exf6 Nxf6 10. O-O Bd6 11. Re1 O-O 12. Nf1 Qc7 13. Bg5 Bd7 14. Rc1 Qb6 15. b3 Kh8 16. Bb1 Ba3 17. Rc2 Ne4 18.
Be3 Nb4 19. Ne5 Be8 20. Rce2 Nc3 21. Qd2 Nxe2+ 22. Qxe2 Nc6 23. Qd3 g6 24. Bh6 Nxe5 25. Rxe5 Rg8 26. Qh3 Qc7 27. Bf4 Bd6 28. Qxe6 Bf7 29.
Qf6+ Rg7 30. Bh6 Rg8 31. Re1 Bf8 32. Ne3 Qe7 33. Qf3 Qb4 34. Rc1 Qd2 35. Ng4 Qxd4 36.
Nf6 Ba3 37. Rd1 Qh4 38. Nxg8 Kxg8 39. Bxg7 Kxg7 40. g3 Qb4 41. Qe3 Qd6 42. Be4 Bc5 43. Qc3+ d4 44. Qd3 a5 45. Bxb7 Qb6 46. Be4 Qb4 47. Qd2 Qb6 48. Rc1 Bb4 49. Qf4 Bc3 50.
Qe5+ Kg8 51. Bd3 Qb4 52. Rd1 Qa3 53. Bb1 Qb4 54. Qe4 Qb6 55. Rd3 Qd6 56. Qa8+ Kg7 57.
Rf3 Bd5 58. Qa7+ Kh6 59. Rf4 Qe6 60. Bd3 Qe1+ 61. Bf1 Qe6 62. Rh4+ Kg5 63. Qxh7 Kf6 64. Rf4+ Ke5 65. Qc7+ Qd6 66. Qg7+ Ke6 67. Rf6+ Ke5 68. Rxd6+ Kxd6 69. Qxg6+ 1-0

[Event "*** Titled Tuesday Blitz"]
[Site "Chess.com"]
[Date "2019.11.05"]
[Round "4"]
[White "temus_galaktionov"]
[Black "Alopekos"]
[Result "1-0"]
[WhiteElo "2691"]
[BlackElo "2482"]
[TimeControl "180+2"]
[EndTime "13:53:51 PST"]
[Termination "temus_galaktionov won by resignation"]

1. d4 Nf6 2. Nf3 e6 3. c4 d5 4.
Nc3 c6 5. Qb3 Qb6 6. c5 Qxb3 7.
axb3 Nbd7 8. Bf4 Be7 9. h3 O-O 10. e3 Ne4 11. b4 f6 12. Bd3 Nxc3 13. bxc3 e5 14. dxe5 fxe5 15. Bg5 Bxg5 16. Nxg5 e4 17. Be2 Ne5 18. h4 a6 19. Nh3 Bg4 20. Bxg4 Nxg4 21. Ke2 Rf5 22. Nf4 Raf8 23. Rhf1 Kf7 24. Rad1 Ke7 25.
Rd4 Ne5 26. Rg1 Ng6 27. g3 Ne5 28. Rgd1 R8f6 29. Rc1 Rf8 30. Rdd1 Nd3 31. Rc2 Ne5 32. Rg1 R8f7 33. Rcc1 Nf3 34. Rg2 Ne5 35. g4 Rxf4 36. exf4 Rxf4 37. Rcg1 Nf3 38. Rh1 Ne5 39. g5 Ke6 40. Rg3 Nd3 41. f3 Ne5 42. fxe4 dxe4 43. h5 Nd3 44. Rf1 Ke5 45. h6 g6 46. Rxf4 Kxf4 47.
Rg1 Ne5 48. Rf1+ Kxg5 49. Ke3 Kxh6 50. Kxe4 Ng4 51. Rf7 Kg5 52. Rxb7 h5 53. Ra7 h4 54.
Rxa6 h3 55. Kf3 h2 56. Kg2 Kf5 57. Rxc6 g5 58. Rc8 1-0

[Event "*** Titled Tuesday Blitz"]
[Site "Chess.com"]
[Date "2019.11.05"]
[Round "4"]
[White "LPSupi"]
[Black "AryanTari"]
[Result "0-1"]
[WhiteElo "2986"]
[BlackElo "2858"]
[TimeControl "180+2"]
[EndTime "13:53:52 PST"]
[Termination "AryanTari won by resignation"]

1. e4 c6 2. d4 d5 3. e5 Bf5 4. h4 c5 5. dxc5 Nc6 6. Bb5 Bd7 7. Ne2 e6 8. Be3 Nxe5 9. a4 Nf6 10. Qd4 Neg4 11.
Bg5 Rc8 12. b4 Be7 13. f3 Nh6 14. Bxh6 gxh6 15. g4 Rg8 16. Nbc3 a5 17. Bxd7+ Nxd7 18. bxa5 Bxc5 19. Qd3 Qf6 20. Rb1 Ne5 21. Qb5+ Kf8 22. Qxb7 Kg7 23. f4 Nf3+ 24. Kd1 Bd4 25. Nb5 Be3 26. Rh3 Nd2 27. g5 Qf5 28. Rxe3 Qxc2+ 29. Ke1 Qxb1+ 30. Kf2 Ne4+ 31. Rxe4 dxe4 32. gxh6+ Kh8 33. Qe7 Qb2 34. Nd4 Rg6 35. h5 Rxh6 36. Qg5 Rc2 37. Qxh6 Qxd4+ 38. Kg3 Qg7+ 39. Qxg7+ Kxg7 40. Nd4 Rc4 41.
Nb3 Rxa4 42. Kg4 Ra3 43. Nc5 Rxa5 44. Nd7 f5+ 45. Kg5 h6+ 46. Kh4 e3 47. Kg3 Ra2 48. Nc5 e2 49. Kf2 e1=Q+ 50. Kxe1 Rh2 51. Nxe6+ Kf6 52.
Nd4 Rxh5 53. Kf2 Rh3 54. Nf3 Ke6 55. Nd4+ Kf6 56. Nf3 Rxf3+ 57. Kxf3 Ke6 58. Ke3 Kd5 59. Kd3 h5 60. Ke3 h4 61. Kf3 Kd4 62. Kg2 Ke4 63. Kh3 Kxf4 64. Kxh4 Ke3 0-1

[Event "*** Titled Tuesday Blitz"]
[Site "Chess.com"]
[Date "2019.11.05"]
[Round "4"]
[White "nailbeshirli"]
[Black "MITerryble"]
[Result "1-0"]
[WhiteElo "2664"]
[BlackElo "2864"]
[TimeControl "180+2"]
[EndTime "13:53:53 PST"]
[Termination "nailbeshirli won by resignation"]

1. e4 e6 2. d4 d5 3. Nd2 Be7 4. e5 c5 5. c3 Nc6 6. Ndf3 cxd4 7. cxd4 Bb4+ 8. Bd2 Qb6 9. Ne2 Bd7 10. a3 Bxd2+ 11. Qxd2 Na5 12. Nc1 Bb5 13. b4 Nc4 14. Qc3 Rc8 15.
Nd3 Nd6 16. Nc5 Nf5 17. Bxb5+ Qxb5 18. a4 Qb6 19. O-O Nge7 20. Rfc1 h5 21. Qd2 Ng6 22. b5 Rb8 23. Rab1 Qd8 24. a5 O-O 25. b6 a6 26. g3 Qe7 27. Nd3 Rfc8 28. Rc5 Rxc5 29. Nxc5 Rc8 30. Rc1 Nf8 31. Kg2 f6 32. Nd3 Qe8 33.
Rc7 Rxc7 34. bxc7 Qc6 35. Qc1 Qxc1 36. Nxc1 Ne7 37. Nd3 Nd7 38. Nd2 b6 39. Nb3 bxa5 40. Nxa5 fxe5 41. dxe5 Nc8 42. Nc6 Kf7 43. Nb8 Ke7 44.
Nxa6 Ndb6 45. f4 Nc4 46. Nac5 g6 47. Kh3 Na3 48. Nb4 Nb5 49. Nc6+ Ke8 50. Nxe6 Kd7 51. Ncd4 Nxc7 52. Nf8+ Ke8 53. Nxg6 Nb6 54. f5 Nc4 55. Kh4 Ne3 56. Kg5 Kf7 57. e6+ Ke8 58.
f6 Nxe6+ 59. Nxe6 Nc4 60. Nh8 Nd6 61. f7+ Nxf7+ 62. Nxf7 Kxf7 63. Nd4 Ke7 64. Kxh5 Kf6 65. Kg4 Ke5 66. Nf3+ Ke4 67. h4 1-0

[Event "*** Titled Tuesday Blitz"]
[Site "Chess.com"]
[Date "2019.11.05"]
[Round "4"]
[White "SiddharthGMJagadeesh"]
[Black "IMAghasiyevKamal"]
[Result "1-0"]
[WhiteElo "2590"]
[BlackElo "2413"]
[TimeControl "180+2"]
[EndTime "13:53:54 PST"]
[Termination "SiddharthGMJagadeesh won by resignation"]

1. Nf3 Nf6 2. b3 g6 3. Bb2 Bg7 4. g3 O-O 5. Bg2 d6 6. d4 c5 7. c4 Nc6 8. O-O cxd4 9. Nxd4 Bd7 10. Nc2 Qa5 11. Nd2 Qh5 12. Nf3 Bh3 13. Ne3 Rad8 14. Qc2 Bxg2 15. Kxg2 Ng4 16. Nxg4 Qxg4 17. Bxg7 Kxg7 18.
Rad1 a6 19. Rd2 Rc8 20. h3 Qh5 21. Rd5 Qh6 22. Qb2+ Kg8 23. Rfd1 Qg7 24. Qxg7+ Kxg7 25. e4 Nb4 26. R5d2 b5 27. cxb5 axb5 28. a3 Nc6 29. Rd5 Ra8 30. Rxb5 Rxa3 31. Rc1 Rb8 32. Rxb8 Nxb8 33.
Rb1 Na6 34. b4 Rc3 35. b5 Nc5 36. b6 Nb7 37. Nd4 Rc4 38. Nb5 Rxe4 39. Nc7 e6 40. Kf3 d5 41. Ne8+ Kf8 42. Nf6 Rc4 43. Ra1 Rb4 44. Ra7 Nc5 45. Nxh7+ Kg7 46. Ng5 Rxb6 47.
Rxf7+ Kg8 48. Rc7 Rb3+ 49. Kg2 Rb5 50. Rc6 d4 51. Nxe6 Ne4 52. Nxd4 Rb2 53. Rc2 Rb1 54.
Nf3 Kf7 55. h4 Rd1 56. Re2 Nc5 57. Ng5+ Kf6 58. Rc2 Rd5 59. Rxc5 Rxc5 60. Ne4+ 1-0

[Event "*** Titled Tuesday Blitz"]
[Site "Chess.com"]
[Date "2019.11.05"]
[Round "4"]
[White "FrenchMonster2002"]
[Black "gorgeous1083"]
[Result "0-1"]
[WhiteElo "2394"]
[BlackElo "1991"]
[TimeControl "180+2"]
[EndTime "13:53:55 PST"]
[Termination "gorgeous1083 won by resignation"]

1. d4 Nf6 2. Bf4 e6 3. e3 d5 4. Nd2 Bd6 5. Bg3 O-O 6. Bd3 b6 7. Bxd6 Qxd6 8. f4 c5 9. c3 c4 10. Bc2 b5 11. a3 a5 12. Ngf3 Nc6 13. O-O Bd7 14. Ne5 b4 15. Rf3 Rfb8 16. Rh3 g6 17.
Qe1 bxc3 18. bxc3 Rb2 19. Qh4 Rxc2 20. Qxf6 Qe7 21. Qxe7 Nxe7 22. Ndxc4 dxc4 23. Nxd7 Rxc3 24. e4 Rxh3 25. gxh3 Rd8 26. Nb6 Rxd4 27. Re1 c3 28. Kf2 Nc6 29. Rc1 Rd2+ 30. Ke3 Rxh2 31. Rxc3 Rxh3+ 32. Kd2 Rxc3 33. Kxc3 h5 34. Kd3 f6 35.
Ke3 Kf7 36. Nc4 g5 37. Kf3 g4+ 38. Kg3 a4 39. Kh4 Nd4 40. Kxh5 g3 41. Ne3 Nc2 42. Ng2 Nxa3 43. Kg4 Nc4 44. Kf3 a3 45. Ne1 a2 46.
Nc2 Nd2+ 47. Kxg3 Nb3 48. e5 a1=Q 49. Nxa1 Nxa1 50. exf6 Kxf6 51. Kf3 Nb3 52. Ke4 Nc5+ 53. Kd4 Nd7 54. Ke4 Nf8 55. Kf3 Kf5 56. Ke3 Nd7 57.
Kf3 Nf6 58. Ke3 Nd5+ 59. Kf3 Nxf4 60. Kf2 Ke4 61. Ke1 Nd5 62. Kf1 Ke3 63. Ke1 e5 64. Kd1 Kf2 65. Kd2 e4 66. Kd1 e3 67. Kc1 e2 68. Kc2 e1=Q 69. Kd3 Qe3+ 70. Kc2 Qc3+ 71.
Kd1 Qd3+ 72. Kc1 Ke3 73. Kb2 Kd4 74. Kc1 Qe2 75. Kb1 Kc3 0-1

[Event "*** Titled Tuesday Blitz"]
[Site "Chess.com"]
[Date "2019.11.05"]
[Round "4"]
[White "GM_dmitrij"]
[Black "JakubPulpan"]
[Result "1-0"]
[WhiteElo "2934"]
[BlackElo "2709"]
[TimeControl "180+2"]
[EndTime "13:54:12 PST"]
[Termination "GM_dmitrij won by resignation"]

1. e4 e5 2. Nf3 Nc6 3. Bb5 Nf6 4. d3 Bc5 5. c3 O-O 6. Nbd2 Re8 7. O-O a6 8. Bxc6 dxc6 9. b4 Bd6 10. Nb3 Bg4 11. h3 Bh5 12. Be3 Qd7 13. Na5 b6 14. Nc4 Rad8 15. Qe2 Bg6 16. Nh4 Nh5 17. Rad1 Nf4 18.
Bxf4 exf4 19. Nxg6 hxg6 20. d4 Qe6 21. Nxd6 Rxd6 22.
Rfe1 c5 23. bxc5 bxc5 24. Qf3 cxd4 25. cxd4 Qxa2 26. Qxf4 Qe6 27. d5 Qf6 28. Qg3 Qd8 29. Rc1 f5 30. f3 Qd7 31. Kh2 c6 32. dxc6 Rxc6 33. Red1 Qc8 34. Rxc6 Qxc6 35. Rd6 Qc7 36. e5 g5 37. f4 Qe7 38. Qxg5 Qxg5 39. fxg5 Ra8 40.
g6 Kf8 41. Kg3 a5 42. Kf4 a4 43. Kxf5 a3 44. Rd1 a2 45. Ra1 Ke7 46. h4 Rf8+ 47. Kg5 Rf2 48. g4 Ke6 49. h5 Rh2 50. Kf4 Kd5 51. Rd1+ Ke6 52. Rd6+ Ke7 53. Ra6 Rf2+ 54. Ke4 Re2+ 55. Kd4 Rd2+ 56. Kc5 Re2 57. Kd5 Rd2+ 58.
Ke4 Re2+ 59. Kf5 Rf2+ 60. Kg5 Re2 61. h6 Rxe5+ 62. Kf4 Re6 63. Ra7+ Kf6 64. h7 Re8 65. Ra6+ Ke7 66. Rxa2 Kf6 67. Ra6+ Ke7 68. Kg5 Kd7 69. Ra7+ 1-0

[Event "*** Titled Tuesday Blitz"]
[Site "Chess.com"]
[Date "2019.11.05"]
[Round "4"]
[White "Squirlolz"]
[Black "aa175"]
[Result "1-0"]
[WhiteElo "2542"]
[BlackElo "2292"]
[TimeControl "180+2"]
[EndTime "13:54:12 PST"]
[Termination "Squirlolz won on time"]

1. d4 f5 2. g3 Nf6 3. Bg2 e6 4. Nf3 Be7 5. O-O O-O 6. b3 d6 7. Bb2 a5 8. c4 a4 9. bxa4 Ne4 10. Nfd2 d5 11. cxd5 exd5 12. Nc3 Nc6 13. Ndxe4 fxe4 14. f3 Bf6 15. e3 Bg5 16. Qe2 exf3 17. Rxf3 Re8 18.
Raf1 Bg4 19. Rf8+ Rxf8 20. Qxg4 Bxe3+ 21. Kh1 Rxf1+ 22. Bxf1 Qf6 23. Bg2 Qxd4 24. Qe2 Qd2 25. Qxd2 Bxd2 26. Nxd5 Rxa4 27. Nxc7 Rxa2 28. Bd5+ Kf8 29.
Bxa2 Ba5 30. Ne6+ Ke7 31. Nxg7 Nb4 32. Bc4 Nc2 33. Nf5+ Kd7 34. Nd4 Ne3 35. Bd3 Nd1 36. Ba3 Nf2+ 37. Kg2 Nxd3 38. h4 Bc3 39. Nb5 Be5 40.
Kf3 Kc6 41. Na7+ Kd5 42. g4 Ne1+ 43. Ke2 Ng2 44. h5 Nf4+ 45. Kf3 Nd3 46. g5 Bb8 47. Nb5 Ne5+ 48. Kf4 Nc4+ 49. Kf5 Kc6 50. g6 hxg6+ 51. hxg6 Ne3+ 52. Ke6 Ng4 53. Nd4+ Kb6 54. Nf5 Be5 55. Be7 Bc3 56. Nd6 Kc6 57. Ne4 Bd4 58.
Bf6 Bxf6 59. Nxf6 Nh6 60. g7 b5 61. Ng4 Nxg4 62. g8=Q Ne3 63. Ke5 1-0

[Event "*** Titled Tuesday Blitz"]
[Site "Chess.com"]
[Date "2019.11.05"]
[Round "4"]
[White "Kostya_Nikologorskiy"]
[Black "MikaelyanArman"]
[Result "1-0"]
[WhiteElo "2546"]
[BlackElo "2726"]
[TimeControl "180+2"]
[EndTime "13:54:19 PST"]
[Termination "Kostya_Nikologorskiy won by resignation"]

1. d4 Nf6 2. c4 g6 3. Nc3 Bg7 4. e4 O-O 5. Nf3 d6 6. Be2 Nbd7 7. O-O e5 8. Be3 Ng4 9. Bg5 f6 10. Bd2 h5 11. h3 Nh6 12. Re1 g5 13. dxe5 dxe5 14.
Be3 Nf7 15. c5 Re8 16. Qb3 c6 17. Rad1 Qe7 18. Qa3 Nf8 19. Nd2 g4 20. hxg4 hxg4 21. Nc4 Be6 22. Rd2 Ng6 23. Red1 Nf4 24. Bxf4 exf4 25.
Nd6 Nxd6 26. cxd6 Qd7 27. Qa4 b5 28. Qd4 f5 29. Qc5 Bf7 30. exf5 Re5 31. Qb4 f3 32. gxf3 gxf3 33. Bxf3 Rxf5 34. Bg2 Rg5 35. Ne4 Rg6 36. Ng3 Re8 37. Qc5 Rc8 38. Re1 Bf8 39. Nf5 Rg5 40. Re5 Bg6 41. Ne7+ Bxe7 42. Rxg5 Bxg5 43.
Qxg5 Kh7 44. Rd4 Rg8 45. Rh4+ Kg7 46. Qe5+ Kf8 47. Qf6+ Bf7 48. Rf4 Rg7 49. Kh2 Rh7+ 50. Kg1 Rg7 51. Rh4 Kg8 52. Qh6 Bd5 53. Qh8+ Kf7 54.
Rf4+ Kg6 55. Bxd5 cxd5 56. Rf3 Rh7 57. Qg8+ Rg7 58. Rg3+ Kf6 59. Qxg7+ Qxg7 60. Rxg7 Kxg7 61. d7 1-0